 Dungeon Crawl Stone Soup version 0.27-a0-170-g607d9e9d85 (webtiles) character file.

Game seed: 16152008408961826268

17 foci the Shield-Bearer (level 2, 0/19 HPs)
             Began as a Gargoyle Fighter on Jan 29, 2021.
             Slain by a gnoll
             ... wielding a +0 halberd
              (8 damage)
             ... on level 2 of the Dungeon.
             The game lasted 00:00:49 (95 turns).

foci the Shield-Bearer (Gargoyle Fighter)             Turns: 95, Time: 00:00:50

Health: 0/19       AC:  9    Str: 19    XL:     2   Next: 62%
Magic:  2/2        EV:  7    Int:  8    God:
Gold:   0          SH:  9    Dex:  9    Spells: 1/1 levels left

rFire    . . .     SeeInvis .   a - +0 war axe
rCold    . . .     Faith    .   c - +0 kite shield
rNeg     + . .     Spirit   .   b - +0 scale mail
rPois    ∞         Reflect  .   (no helmet)
rElec    +         Harm     .   (no cloak)
rCorr    .         Rampage  .   (no gloves)
Will     .....                  (no boots)
Stlth    ..........             (no amulet)
HPRegen  0.06/turn              (no ring)
MPRegen  0.08/turn              (no ring)

@: no status effects
A: negative energy resistance 1, electricity resistance, unbreathing,
petrification resistance, miasma immunity, AC +2
a: no special abilities


You were on level 2 of the Dungeon.
You visited 1 branch of the dungeon, and saw 2 of its levels.

Inventory:

Hand Weapons
 a - a +0 war axe (weapon)
Armour
 b - a +0 scale mail (worn)
 c - a +0 kite shield (worn)
Scrolls
 e - a scroll of remove curse {unknown}
 f - a scroll of teleportation {unknown}
 g - a scroll of identify {unknown}
Potions
 d - a potion of might


   Skills:
 + Level 3.4 Fighting
 + Level 2.0 Axes
 + Level 3.5 Armour
 + Level 3.7 Shields


You had one spell level left.
You didn't know any spells.
Your spell library was empty.

Dungeon Overview and Level Annotations

Branches:
Dungeon (1/15)

Altars:


Innate Abilities, Weirdness & Mutations

You are resistant to torment.
Your stone body is resilient. (AC +2)
You are immune to poison.
You resist negative energy. (rN+)
You are resistant to electric shocks. (rElec)
You can survive without breathing.
You are immune to petrification.
You are immune to miasma.


Message History

The adder is heavily wounded.
You block the adder's attack.
A gnoll comes into view. It is wielding a +0 halberd.
The adder bites you but does no damage.
You barely miss the adder.
The adder is heavily wounded.
The adder bites you. You block the adder's attack.
Your shield prevents you from hitting the adder.
The adder is heavily wounded.
The adder bites you. You block the adder's attack.
You barely miss the adder.
The adder is heavily wounded.
The adder bites you. You block the adder's attack. The gnoll barely misses you.
You block the adder's attack.
You closely miss the adder.
The adder is moderately wounded.
The adder barely misses you. The gnoll hits you but does no damage.
You block the adder's attack. The gnoll hits you with a +0 halberd!
You die...

###....#.#.....
.........+.........+.....
.........# #.>....#.....
....#....####............
.........................
............##...........
............#P......[....
......S.....#P...........
#.....@g..#P...........
#...†.......P.P........
.......##................
....... #................
......# #................
...... #........†.......
...... #................
...... #................
#...8............


You could see a gnoll and an adder.

Vanquished Creatures
  An adder zombie (D:2)
  An adder skeleton (D:2)
  A bat (D:2)
  A bat skeleton (D:2)
  2 bat zombies (D:2)
  A goblin (D:2)
  A hobgoblin (D:2)
  A frilled lizard (D:2)
  A rat (D:2)
10 creatures vanquished.

Notes
Turn   | Place    | Note
-------+----------+-------------------------------------------
     0 | D:1      | foci the Gargoyle Fighter began the quest for the Orb.
     0 | D:1      | Reached XP level 1. HP: 14/14 MP: 1/1
    29 | D:1      | You fall into a shaft and drop 1 floor!
    62 | D:2      | Reached XP level 2. HP: 19/19 MP: 2/2
    95 | D:2      | Slain by a gnoll

Illustrated notes

Levels and vault maps discovered:
D:1:      dpeg_cavernosity, layout_basic, chequers_serial_rivers_micro_b,
          minivault_14, minmay_misc_feat_five
D:2:      layout_basic, serial_undead, serial_undead_e, serial_undead_d,
          serial_undead_b, serial_undead_d, serial_undead_e, xom_redecorated

Skill      XL: |  1  2 |
---------------+-------+-----
Axes           | 2 |  2.0
Fighting       | |  3.4
Armour         | |  3.5
Shields        | |  3.7

Action                   || total
-------------------------++-------
Melee: War axe           ||    32
Armor: Scale mail        ||    38
Dodge: Dodged            ||    24
Block: Kite shield       ||    35

Table legend: (Time is in decaauts)
 A = Elapsed time spent in this place.
 B = Non-inter-level travel time spent in this place.
 C = Inter-level travel time spent in this place.
 D = Time resting spent in this place.
 E = Time spent auto-exploring this place.
 F = Levels seen in this place.
 G = Mean time per level.
                   A        B        C        D        E       F      G
               +--------+--------+--------+--------+--------+-----+--------+
         Total |    115 |    115 |      0 |      0 |     29 |   2 |   57.5 |
       Dungeon |    115 |    115 |      0 |      0 |     29 |   2 |   57.5 |
               +--------+--------+--------+--------+--------+-----+--------+

Top non-repeatable levels by time:
     D:2: 86 daAuts
     D:1: 29 daAuts
